 Dungeon Sprint DCSS version 0.29.1-2-gbd0b4ee654 (webtiles) character file.

Game seed: 15260709004299831630

17932 Zeld the Executioner (level 12, -1/125 HPs)
             Began as a Minotaur Berserker on Oct 27, 2022.
             Was the Champion of Trog.
             Slain by a wizard
             ... wielding the +5 glaive of the Guard {elec, spectral, AC+5}
              (19 damage)
             ... in the Dungeon (Sprint VII: "The Pits").
             The game lasted 00:08:41 (4424 turns).

Zeld the Executioner (Minotaur Berserker)           Turns: 4424, Time: 00:08:41

Health: -1/125     AC: 26    Str: 29    XL:     12   Next: 23%
Magic:  3/3        EV: 16    Int:  4    God:    Trog [******]
Gold:   38         SH:  0    Dex: 11    Spells: 11/11 levels left

rFire   . . .      SeeInvis .   a - +7 executioner's axe (antimagic)
rCold   . . .      Faith    .   (shield currently unavailable)
rNeg    . . .      Spirit   .   c - +9 plate armour
rPois   .          Reflect  .   (helmet restricted)
rElec   .          Harm     .   (no cloak)
rCorr   .          Rampage  .   (no gloves)
Will    ++...      NoTele   +   (no boots)
Stlth   ..........              (no amulet)
HPRegen 1.30/turn               k - +3 ring of evasion
MPRegen 0.08/turn               l - +3 ring of strength

@: strong-willed, on berserk cooldown, regenerating, slowed, unable to drink,
very slow
A: horns 2, retaliatory headbutt, inability to drink after injury 1
a: Renounce Religion, Berserk, Trog's Hand, Brothers in Arms


You were in the Dungeon.
You worshipped Trog.
Trog was exalted by your worship.
You visited 1 branch You collected 38 gold pieces.

Inventory:

Hand Weapons
 a - a +7 antimagic executioner's axe (weapon)
 b - a +2 battleaxe of flaming
Armour
 c - a +9 plate armour (worn)
Jewellery
 k - a +3 ring of evasion (left hand)
 l - a +3 ring of strength (right hand)
 v - the ring "Nykhamm" {Will+ Int+4 Slay+5}
   (You found it in the Dungeon)

   [ring of willpower]

   Int:       It affects your intelligence (+4).
   Slay:      It affects your accuracy & damage with ranged weapons and melee
   (+5).
   Will:      It increases your willpower.
Scrolls
 p - 6 scrolls of identify
 s - a scroll of fog
Potions
 d - 8 potions of heal wounds
 e - 8 potions of haste
 f - 4 potions of magic
 g - 5 potions of berserk rage
 h - 9 potions of curing
 i - 3 potions of invisibility
 m - 2 potions of mutation
 o - a potion of might
 q - 2 potions of resistance
Miscellaneous
 n - a phial of floods
 r - a lightning rod (4/4)


   Skills:
 + Level 17.3 Fighting
 * Level 23.3 Axes
 + Level 17.1 Armour
 + Level 15.8 Dodging


You had 11 spell levels left.
You didn't know any spells.
Your spell library was empty.

Dungeon Overview and Level Annotations

Branches:
Dungeon (1/1)

Altars:
Ashenzari
Cheibriados
Dithmenos
Elyvilon
Fedhas
Gozag
Hepliaklqana
Kikubaaqudgha
Makhleb
Nemelex Xobeh
Okawaru
Qazlal
Ru
Sif Muna
Trog
Uskayaw
Vehumet
Wu Jian
Xom
Yredelemnul
Zin
The Shining One
Jiyva
Lugonu


Innate Abilities, Weirdness & Mutations

You have a pair of horns on your head.
You reflexively headbutt those who attack you in melee.
You occasionally lose the ability to drink potions when taking damage.


Message History

You are exhausted.
You feel yourself slow down.
The wizard hits you with the +5 glaive of the Guard {elec, spectral, AC+5}!
* * * LOW HITPOINT WARNING * * *
A rust devil comes into view.
Items here: )))) = [[ ††††.
Unknown command.
Blink to where?
Press: ? - help, Dir - move target
As you read the scroll of blinking, it crumbles to dust.
Your cyclops goes berserk!
An ice devil comes into view.
Unknown command.
Okay, then.
You feel much better.
Your cyclops rages.
The wizard hits you from afar with the +5 glaive of the Guard {elec, spectral, AC+5}!
* * * LOW HITPOINT WARNING * * *
Unknown command.
Unknown command.
Your cyclops goes berserk!
The wizard misses you.
Your cyclops misses the wizard.
The wizard hits you from afar with the +5 glaive of the Guard {elec, spectral, AC+5}.
* * * LOW HITPOINT WARNING * * *
Unknown command.
Unknown command.
Your skin crawls.
You feel strong-willed.
A hell rat comes into view.
A merfolk comes into view. It is wielding a +0 trident.
Your cyclops hits the wizard! The wizard misses you.
Your cyclops completely misses the wizard.
The hell rat moves out of view.
Unknown command.
You swap places.
The wizard hits you from afar with the +5 glaive of the Guard {elec, spectral, AC+5}.
* * * LOW HITPOINT WARNING * * *
You are electrocuted!!
You feel threatened and lose the ability to drink potions!
You die...

#...................
#..################. #..##.#)#.#
#. #..#.#)#m# #. #..##)#)# #.
#..#.#4#|# #. #..##p#.#4# #.
#..#C##############.
#############..@)C..............
#_________.##...................
#_________.###########''########
#_______...###########''######
##########'##................#
#.?(.')))'.##......#..#......#
##########.##................+
#...........'................+
#'#####'#####......#..#......#


You could see a merfolk, an ice devil, a wizard (ally target) and 2 friendly
cyclopes.

Vanquished Creatures
  A shadow dragon (D)
  2 ghouls (D)
  A merfolk javelineer (D)
  An ice dragon (D)
  A boulder beetle (D)
  2 hydras (D)
  A merfolk aquamancer (D)
  An alligator snapping turtle (D)
  A merfolk avatar (D)
  A death yak (D)
  A vampire mage (D)
  2 shadow wraiths (D)
  2 swamp dragons (D)
  An ugly thing (D)
  A cyclops (D)
  A wolf spider (D)
  A gargoyle (D)
  An efreet (D)
  A komodo dragon (D)
  A merfolk (D)
  A hornet (D)
  A tarantella (D)
  A shadow (D)
  2 snapping turtles (D)
  Sigmund (D)
  A ynoxinul (D)
  A spriggan (D)
  2 wyverns (D)
  2 basilisks (D)
  A fire bat (D)
  A wraith (D)
  2 neqoxecs (D)
  A steam dragon (D)
  Edmund (D)
  A water moccasin (D)
  An ice beast (D)
  A black bear (D)
  5 centaurs (D)
  A wolf (D)
  A small abomination (D)
  A bullfrog (D)
  3 necrophages (D)
  3 scorpions (D)
  A gnoll sergeant (D)
  2 quasits (D)
  A hound (D)
  An iguana (D)
  5 gnolls (D)
  An adder (D)
  2 river rats (D)
  A bat skeleton (D)
  An endoplasm (D)
  A goblin (D)
  4 jackals (D)
  2 quokkas (D)
  A ball python (D)
  2 frilled lizards (D)
  A kobold (D)
  A rat (D)
86 creatures vanquished.

Vanquished Creatures (collateral kills)
  A death cob (D)
  A hound (D)
2 creatures vanquished.

Grand Total: 88 creatures vanquished

Notes
Turn   | Place    | Note
-------+----------+-------------------------------------------
     0 | D        | Zeld the Minotaur Berserker began the quest for the Orb.
     0 | D        | Reached XP level 1. HP: 19/19 MP: 0/0
    35 | D        | Reached skill level 4 in Axes
    35 | D        | Reached XP level 2. HP: 5/27 MP: 1/1
   267 | D        | Found a bloodstained altar of Trog.
   267 | D        | Found a shimmering blue altar of Sif Muna.
   267 | D        | Found a viscous altar of Jiyva.
   267 | D        | Found a hazy altar of Hepliaklqana.
   267 | D        | Found an opulent altar of Gozag.
   325 | D        | Found a glowing golden altar of the Shining One.
   325 | D        | Found a glowing silver altar of Zin.
   325 | D        | Found a basalt altar of Yredelemnul.
   325 | D        | Found a shimmering altar of Xom.
   325 | D        | Found an ornate altar of the Wu Jian Council.
   325 | D        | Found a sacrificial altar of Ru.
   325 | D        | Found a stormy altar of Qazlal.
   325 | D        | Found an iron altar of Okawaru.
   325 | D        | Found a sparkling altar of Nemelex Xobeh.
   325 | D        | Found a burning altar of Makhleb.
   325 | D        | Found a blossoming altar of Fedhas.
   325 | D        | Found a white marble altar of Elyvilon.
   325 | D        | Found a shadowy altar of Dithmenos.
   325 | D        | Found a snail-covered altar of Cheibriados.
   426 | D        | Found a radiant altar of Vehumet.
   426 | D        | Found a corrupted altar of Lugonu.
   427 | D        | Found an ancient bone altar of Kikubaaqudgha.
   427 | D        | Found a hide-covered altar of Uskayaw.
   427 | D        | Found a broken altar of Ashenzari.
   468 | D        | Reached skill level 5 in Axes
   492 | D        | Reached ** piety under Trog
   504 | D        | Reached *** piety under Trog
   514 | D        | Reached **** piety under Trog
   747 | D        | Noticed a water moccasin
   747 | D        | Noticed an ice beast
   747 | D        | Noticed a black bear
   748 | D        | Noticed a scorpion
   753 | D        | Noticed a centaur
   755 | D        | Killed a water moccasin
   756 | D        | Reached skill level 8 in Axes
   756 | D        | Reached skill level 5 in Armour
   756 | D        | Reached skill level 5 in Dodging
   756 | D        | Reached XP level 3. HP: 38/38 MP: 2/2
   756 | D        | Reached XP level 4. HP: 45/45 MP: 3/3
   757 | D        | Killed a scorpion
   758 | D        | Reached skill level 9 in Axes
   758 | D        | Reached XP level 5. HP: 52/52 MP: 4/4
   760 | D        | Killed a black bear
   761 | D        | Reached skill level 10 in Axes
   761 | D        | Reached XP level 6. HP: 61/61 MP: 5/5
   761 | D        | Killed an ice beast
   762 | D        | Reached skill level 11 in Axes
   825 | D        | Reached ***** piety under Trog
   826 | D        | Reached skill level 12 in Axes
   826 | D        | Reached XP level 7. HP: 58/70 MP: 6/6
   981 | D        | Noticed a snapping turtle
   995 | D        | Killed a snapping turtle
  1221 | D        | Noticed Edmund
  1230 | D        | Killed Edmund
  1231 | D        | Reached skill level 13 in Axes
  1236 | D        | Reached skill level 10 in Fighting
  1285 | D        | Noticed a death yak
  1285 | D        | Noticed a vampire mage
  1297 | D        | Killed a vampire mage
  1298 | D        | Reached skill level 14 in Axes
  1298 | D        | Reached skill level 10 in Armour
  1298 | D        | Reached XP level 8. HP: 82/82 MP: 7/7
  1307 | D        | Killed a death yak
  1308 | D        | Reached skill level 15 in Axes
  1308 | D        | Reached skill level 10 in Dodging
  1308 | D        | Reached XP level 9. HP: 74/90 MP: 8/8
  1581 | D        | Received a gift from Trog
  1586 | D        | Reached skill level 16 in Axes
  1757 | D        | Killed a shadow wraith
  1758 | D        | Reached skill level 17 in Axes
  1896 | D        | Noticed a cyclops
  1896 | D        | Noticed Sigmund
  1899 | D        | Killed a cyclops
  1904 | D        | Killed Sigmund
  1904 | D        | Received a gift from Trog
  2030 | D        | Reached ****** piety under Trog
  2031 | D        | Reached XP level 10. HP: 96/101 MP: 3/9
  2226 | D        | Noticed a death cob
  2238 | D        | HP: 4/101 [death cob (14)]
  2240 | D        | Killed a death cob
  2241 | D        | Reached skill level 18 in Axes
  2393 | D        | Noticed a four-headed hydra
  2411 | D        | Killed a five-headed hydra
  2527 | D        | Noticed a swamp dragon
  2543 | D        | Killed a swamp dragon
  2544 | D        | Reached skill level 19 in Axes
  2650 | D        | Noticed a boulder beetle
  2658 | D        | Killed a boulder beetle
  2823 | D        | Received a gift from Trog
  2982 | D        | Noticed a six-headed hydra
  2991 | D        | Killed a two-headed hydra
  2992 | D        | Reached skill level 20 in Axes
  2992 | D        | Reached XP level 11. HP: 78/111 MP: 3/10
  3122 | D        | Reached skill level 15 in Fighting
  3122 | D        | Received a gift from Trog
  3188 | D        | Noticed a swamp dragon
  3192 | D        | Killed a shadow wraith
  3193 | D        | Reached skill level 15 in Armour
  3203 | D        | Killed a swamp dragon
  3205 | D        | Reached skill level 21 in Axes
  3220 | D        | Received a gift from Trog
  3546 | D        | Noticed a wolf spider
  3553 | D        | Killed a wolf spider
  3643 | D        | Got the ring "Nykhamm" {Will+ Int+4 Slay+5}
  3836 | D        | Noticed a ghoul
  3836 | D        | Noticed a ghoul
  3836 | D        | Noticed a purple ugly thing
  3836 | D        | Noticed a merfolk aquamancer
  3837 | D        | Noticed a shadow dragon
  3841 | D        | Killed a purple ugly thing
  3845 | D        | Killed a merfolk aquamancer
  3850 | D        | Killed a ghoul
  3850 | D        | Received a gift from Trog
  3863 | D        | Killed a shadow dragon
  3864 | D        | Reached skill level 22 in Axes
  3865 | D        | Killed a ghoul
  3866 | D        | Reached skill level 15 in Dodging
  3868 | D        | Gained mutation: You occasionally lose the ability to drink
                  | potions when taking damage. [a neqoxec]
  4381 | D        | Identified the +6 battleaxe of Melee {vorpal, Contam Fly
                  | rElec} (Trog gifted it to you in the Dungeon)
  4381 | D        | Received a gift from Trog
  4387 | D        | Noticed a merfolk javelineer
  4391 | D        | Noticed a merfolk avatar
  4393 | D        | Killed a merfolk avatar
  4393 | D        | Received a gift from Trog
  4394 | D        | Reached XP level 12. HP: 79/124 MP: 3/11
  4398 | D        | Noticed an ice dragon
  4401 | D        | Killed a merfolk javelineer
  4402 | D        | Reached skill level 23 in Axes
  4406 | D        | Killed an ice dragon
  4410 | D        | Noticed an alligator snapping turtle
  4415 | D        | Killed an alligator snapping turtle
  4417 | D        | Received a gift from Trog
  4418 | D        | HP: 6/125 [wizard/the +5 glaive of the Guard {elec,
                  | spectral, AC+5} (15)]
  4424 | D        | Slain by a wizard

Illustrated notes

Levels and vault maps discovered:
D:        pitsprint [storerooms_1, entrance_room_1, metal_vault_6, armoury_1,
          mini_pit_1, grid_room_1, main_hall_1, silver_pit, the_coven_1,
          the_vestibule_1, steel_vault_4, golden_pit, hallway_of_sentries,
          crystal_vault_1, iron_vault_3, final_vault]

Skill      XL: |  1  2  3  4  5  6  7  8  9 10 11 12 |
---------------+-------------------------------------+-----
Fighting       | 4 6 7 9 11 13 14 16 17 | 17.3
Axes           | 4 8 9 10 12 14 15 17 20 22 23 | 23.3
Armour         | 3 5 6 7 8 10 11 12 14 16 17 | 17.1
Dodging        | 5 6 7 9 10 11 13 15 | 15.8

Action                   |  1- 3 |  4- 6 |  7- 9 | 10-12 || total
-------------------------+-------+-------+-------+-------++-------
Melee: Hand axe          |    29 |    20 |    44 |       ||    93
       Headbutt          |     3 |     3 |    14 |    23 ||    43
       Broad axe         |       |       |    21 |       ||    21
       Executioner's axe |       |       |     6 |   124 ||   130
       Battleaxe         |       |       |       |     9 ||     9
Invok: Berserk           |     2 |       |     7 |     5 ||    14
       Brothers in Arms  |       |       |       |     5 ||     5
       Trog's Hand       |       |       |       |     1 ||     1
  Use: Potion            |       |       |       |     6 ||     6
       Scroll            |       |       |       |    13 ||    13
Armor: Plate armour      |     2 |     9 |    18 |   110 ||   139
       Animal skin       |     2 |       |       |       ||     2
Dodge: Dodged            |    15 |     9 |    21 |   110 ||   155
